Map: Prion Terraces

Players

PuPu

  • Race: Zerg Zerg

llllllllllll - Winner!

  • Race: Protoss Protoss

Event: Gauntlet LotV Series 1 Qualifier 1

VOD

Have the link to the VOD?

Description

Time

  • Played on: Nov. 22, 2015, 3:42 p.m.
  • Length: 12:19

All games in this series

Show
View Real Time Build Order
Export as new Build Order

PuPu Zerg 

Build Orders: Hatch First 

Get SALT Encoding   

  12  0:01  Drone  
  13  0:12  Overlord  
  13  0:19  Drone  
  14  0:32  Drone x2  
  14  0:34  Drone  
  17  0:45  Drone  
  18  0:58  Hatchery  
  17  1:05  Drone  
  17  1:07  Drone, Extractor  
  18  1:16  Spawning Pool  
  17  1:20  Drone  
  18  1:31  Drone  
  19  1:38  Overlord  
  19  2:05  Queen  
  21  2:08  Hatchery  
  21  2:10  Queen  
  21  2:15  Drone  
  23  2:17  Drone  
  23  2:22  Metabolic Boost  
  24  2:27  Drone  
  24  2:29  Drone  
  26  2:33  Drone  
  26  2:35  Zergling x2  
  28  2:38  Drone  
  29  2:48  Zergling x2  
  29  2:51  Overlord  
  30  2:53  Drone x2  
  32  2:58  Drone  
  32  3:03  Drone  
  34  3:09  Drone  
  33  3:26  Drone  
  33  3:27  Drone x7  
  33  3:31  Drone  
  41  3:34  Drone  
  41  3:36  Queen  
  41  3:39  Spore Crawler  
  43  3:43  Spore Crawler  
  43  3:47  Spore Crawler  
  41  3:49  Drone x2  
  41  3:53  Spore Crawler  
  41  3:54  Spore Crawler  
  43  3:56  Spore Crawler  
  43  3:57  Spore Crawler  
  43  3:59  Spore Crawler  
  40  4:07  Drone x2  
  40  4:08  Overlord x2  
  42  4:13  Overlord  
  42  4:15  Overlord  
  42  4:25  Overlord  
  42  4:28  Drone  
  42  4:29  Drone x5  
  42  4:30  Drone  
  49  4:36  Lair  
  49  4:39  Drone  
  49  4:40  Drone x2  
  49  4:43  Drone  
  49  4:45  Drone x3  
  56  4:52  Spore Crawler  
  55  4:53  Zergling x2  
  55  4:54  Zergling x8  
  55  4:57  Zergling x2  
  60  5:02  Extractor  
  60  5:05  Zergling x10  
  64  5:11  Drone  
  64  5:12  Extractor  
  64  5:13  Drone, Extractor  
  63  5:18  Drone  
  64  5:23  Evolution Chamber, Drone x4  
  65  5:37  Hydralisk Den  
  65  5:41  Drone x3  
  65  5:42  Drone x4, Extractor x2  
  66  5:44  Drone x3  
  69  5:50  Drone  
  69  5:51  Roach Warren  
  69  5:53  Zerg Missile Weapons Level 1  
  69  5:57  Hatchery  
  69  6:03  Overlord x2  
  68  6:07  Drone  
  68  6:08  Drone x2  
  68  6:09  Drone x2  
  73  6:12  Overlord x2  
  73  6:13  Overlord  
  73  6:14  Overlord x2  
  73  6:28  Hydralisk x4, Muscular Augments  
  73  6:31  Hydralisk x2  
  73  6:32  Hydralisk x3  
  91  6:34  Hydralisk  
  91  6:35  Zergling x2  
  91  6:37  Hydralisk  
  91  6:38  Zergling x2  
  97  6:45  Hydralisk x2  
  101  6:48  Hydralisk  
  101  6:53  Hydralisk x2  
  101  7:04  Hydralisk x3  
  101  7:08  Hatchery, Glial Reconstitution  
  106  7:10  Drone  
  106  7:12  Drone  
  106  7:13  Hydralisk x2  
  112  7:21  Hydralisk x2  
  116  7:26  Drone x2  
  116  7:28  Spore Crawler  
  117  7:53  Lurker Den  
  117  7:54  Zerg Missile Weapons Level 2  
  117  7:56  Roach  
  117  7:57  Roach x5  
  129  8:01  Overlord x4  
  129  8:02  Spore Crawler, Overlord x2  
  129  8:03  Overlord x2  
  128  8:06  Infestation Pit  
  128  8:08  Extractor x2  
  124  8:15  Roach  
  124  8:16  Roach  
  128  8:21  Roach x2  
  128  8:22  Roach x6  
  128  8:26  Roach x5  
  154  8:31  Roach x2  
  158  8:34  Hydralisk  
  159  8:42  Drone x5  
  159  8:44  Hive  
  164  8:51  Spire  
  164  8:54  Hydralisk x3  
  164  8:55  Evolution Chamber  
  168  9:01  Roach x3  
  173  9:16  Hydralisk x5  
  180  9:22  Zerg Ground Armor Level 1  
  180  9:23  Drone x3  
  180  9:36  Roach x9  
  162  9:50  Ravager x4  
  162  9:51  Ravager x5  
  171  9:58  Hatchery  
  147  10:00  Hydralisk x2  
  147  10:01  Hydralisk  
  147  10:02  Hydralisk x11  
  147  10:06  Lurker  
  150  10:08  Roach x2  
  122  10:18  Roach x3  
  122  10:19  Roach x3  
  132  10:22  Lurker x2  
  132  10:25  Roach x2  
  132  10:26  Roach  
  132  10:32  Zergling x6  
  132  10:33  Zergling x6  
  126  10:36  Hydralisk  
  126  10:40  Roach  
  106  10:46  Roach  
  106  10:47  Roach  
  92  10:53  Zergling x6  
  92  10:54  Zergling x4  
  81  10:57  Hydralisk  
  66  11:04  Hydralisk  
  66  11:07  Zergling x2  
  56  11:17  Hydralisk  
  52  11:23  Hydralisk  
  50  11:29  Roach x2  
  54  11:41  Hydralisk x2  
  54  11:47  Hydralisk  
  58  11:53  Roach x2  
  64  11:57  Roach x2  
Show
View Real Time Build Order
Export as new Build Order

llllllllllll Protoss - Winner!

Build Orders: Phoenix Opening 

Get SALT Encoding   

  12  0:01  Probe (Chrono Boost)  
  13  0:11  Probe (Chrono Boost)  
  14  0:18  Pylon  
  14  0:22  Probe (Chrono Boost)  
  15  0:36  Probe (Chrono Boost)  
  15  0:39  Gateway  
  16  0:43  Assimilator  
  16  0:47  Probe (Chrono Boost)  
  17  0:55  Assimilator  
  17  0:58  Probe (Chrono Boost)  
  18  1:07  Pylon  
  18  1:08  Probe (Chrono Boost)  
  19  1:19  Probe (Chrono Boost)  
  20  1:26  Cybernetics Core  
  20  1:29  Probe (Chrono Boost)  
  23  1:40  Probe (Chrono Boost)  
  24  1:58  Nexus  
  22  2:05  Mothership Core (Chrono Boost)  
  24  2:11  Adept  
  26  2:23  Probe (Chrono Boost)  
  26  2:27  Stargate  
  27  2:32  Warp Gate  
  27  2:34  Probe (Chrono Boost)  
  28  2:40  Pylon  
  28  2:45  Probe (Chrono Boost)  
  29  2:55  Probe (Chrono Boost)  
  32  2:58  Adept  
  32  3:06  Probe (Chrono Boost)  
  32  3:11  Probe (Chrono Boost)  
  32  3:12  Phoenix  
  36  3:16  Probe (Chrono Boost)  
  37  3:23  Probe (Chrono Boost)  
  36  3:27  Probe (Chrono Boost)  
  36  3:33  Gateway  
  38  3:34  Probe (Chrono Boost)  
  38  3:38  Probe (Chrono Boost)  
  38  3:39  Phoenix  
  41  3:44  Probe (Chrono Boost)  
  42  3:53  Probe (Chrono Boost)  
  42  3:54  Gateway  
  42  3:55  Probe (Chrono Boost)  
  44  4:04  Probe (Chrono Boost), Phoenix  
  44  4:05  Probe (Chrono Boost)  
  48  4:11  Pylon  
  48  4:14  Pylon  
  48  4:15  Probe (Chrono Boost)  
  48  4:16  Probe (Chrono Boost)  
  50  4:25  Probe (Chrono Boost)  
  50  4:27  Probe (Chrono Boost)  
  50  4:29  Phoenix  
  54  4:36  Probe (Chrono Boost)  
  54  4:37  Probe (Chrono Boost)  
  56  4:38  Adept  
  56  4:39  Adept  
  60  4:46  Probe (Chrono Boost)  
  60  4:54  Phoenix  
  62  5:02  Pylon  
  62  5:06  Assimilator  
  62  5:11  Probe (Chrono Boost), Assimilator  
  63  5:19  Nexus  
  63  5:21  Pylon  
  63  5:23  Pylon  
  63  5:28  Adept x3  
  67  5:36  Probe x2 (Chrono Boost)  
  67  5:42  Forge  
  69  5:44  Robotics Facility  
  69  5:45  Twilight Council  
  69  5:47  Probe x2 (Chrono Boost)  
  69  5:48  Pylon  
  71  5:50  Sentry  
  71  5:51  Sentry  
  75  5:57  Probe (Chrono Boost)  
  75  5:58  Probe (Chrono Boost)  
  77  6:04  Phoenix  
  77  6:08  Probe x2 (Chrono Boost)  
  81  6:15  Protoss Ground Weapons Level 1 (Chrono Boost)  
  81  6:18  Probe (Chrono Boost)  
  81  6:23  Adept x3  
  88  6:29  Phoenix  
  88  6:31  Probe x2 (Chrono Boost)  
  92  6:34  Gateway, Probe (Chrono Boost)  
  92  6:35  Gateway  
  93  6:44  Adept x3  
  99  6:47  Probe (Chrono Boost)  
  99  6:48  Probe x2 (Chrono Boost)  
  99  6:52  Blink  
  102  6:58  Probe x2 (Chrono Boost)  
  104  7:07  Immortal (Chrono Boost)  
  108  7:08  Probe  
  108  7:10  Probe  
  108  7:13  Assimilator  
  108  7:15  Assimilator  
  110  7:18  Pylon  
  110  7:21  Gateway  
  110  7:22  Pylon  
  110  7:23  Gateway  
  110  7:26  Gateway  
  110  7:32  Stalker x3  
  116  7:38  Stalker x2  
  121  7:44  Observer (Chrono Boost)  
  121  7:46  Pylon  
  121  7:47  Pylon  
  121  7:48  Pylon  
  117  7:54  Phoenix  
  117  7:57  Stalker x3  
  125  8:01  Stalker x2  
  125  8:04  Immortal (Chrono Boost)  
  133  8:22  Stalker x4  
  133  8:23  Stalker x2  
  133  8:26  Stalker  
  145  8:42  Stalker  
  145  8:44  Immortal (Chrono Boost)  
  145  8:46  Stalker x3  
  157  8:51  Pylon  
  157  8:52  Pylon  
  157  8:54  Pylon  
  157  8:57  Pylon  
  157  9:10  Nexus  
  153  9:17  Stalker  
  153  9:18  Stalker x2, Adept  
  153  9:19  Adept x4  
  169  9:25  Nexus  
  169  9:28  Pylon  
  161  9:40  Mothership Core  
  161  9:41  Stalker x5  
  161  9:42  Stalker  
  175  9:51  Stalker x2  
  155  10:13  Stalker x6  
  147  10:19  Stalker x2  
  135  10:42  Adept x2  
  114  10:43  Adept x4  
  114  10:46  Observer (Chrono Boost)  
  111  10:56  Stalker  
  111  10:57  Stalker  
  104  11:02  Probe x2  
  104  11:04  Probe x2  
  91  11:13  Stalker x3  
  91  11:14  Stalker x3  
  95  11:29  Stalker x2  
  99  11:39  Stalker  
  101  11:40  Stalker x3  
  107  11:50  Observer (Chrono Boost)  
  108  11:55  Stalker x2  
  108  11:56  Stalker x2  
  116  12:11  Stalker x3  
  116  12:12  Stalker  
Tags
 
Add a new tag
Caveats
  • Supply blocks, unpowered buildings, or Contaminate may cause inaccurate times.
  • Supply counts are checked every 10 seconds.